 Dungeon Crawl Stone Soup version 0.22.0-27-ga576289 (webtiles) character file.

5006 shmeve the Fighter (level 10, -14/93 HPs)
             Began as a Minotaur Berserker on Aug 21, 2018.
             Was a High Priest of Trog.
             Demolished by a very large slime creature (37 damage)
             ... on level 9 of the Dungeon.
             The game lasted 00:24:52 (8150 turns).

shmeve the Fighter (Minotaur Berserker)             Turns: 8150, Time: 00:24:52

Health: -14/93     AC: 13    Str: 25    XL:     10   Next: 29%
Magic:  9/9        EV: 13    Int:  6    God:    Trog [*****.]
Gold:   794        SH:  0    Dex: 20    Spells: 9/9 levels left

rFire    . . .     SeeInvis .   A - +0 war axe
rCold    . . .     Gourm    .   (no shield)
rNeg     + . .     Faith    .   t - +2 chain mail {rN+}
rPois    .         Spirit   .   (helmet restricted)
rElec    .         Reflect  .   (no cloak)
rCorr    .         Harm     .   j - +0 pair of gloves
MR       .....                  (no boots)
Stlth    ..........             v - amulet of the Aged Continents {RegenMP +Inv +Fly Int+2 Dex+3}
HPRegen  0.25/turn              u - +4 ring of dexterity
MPRegen  0.36/turn              b - +3 ring of dexterity

@: no status effects
A: retaliatory headbutt, horns 2
a: Berserk, Trog's Hand, Brothers in Arms, Renounce Religion, Evoke
Invisibility, Evoke Flight


You were on level 9 of the Dungeon.
You worshipped Trog.
Trog was extremely pleased with you.
You were not hungry.

You visited 2 branches of the dungeon, and saw 10 of its levels.
You also visited: Sewer and Ossuary.

You collected 794 gold pieces.

Inventory:

Hand Weapons
 A - a +0 war axe (weapon)
Missiles
 s - 11 tomahawks (quivered)
 E - 2 throwing nets
 N - 2 steel tomahawks
Armour
 j - a +0 pair of gloves (worn)
 t - a +2 chain mail of positive energy (worn)
Jewellery
 b - a +3 ring of dexterity (right hand)
 r - a +2 ring of intelligence
 u - a +4 ring of dexterity (left hand)
 v - the amulet of the Aged Continents (around neck) {RegenMP +Inv +Fly Int+2 Dex+3}
   (You found it on level 4 of the Dungeon)

   [amulet of magic regeneration]

   It increases your magic regeneration.
   It affects your intelligence (+2).
   It affects your dexterity (+3).
   It lets you turn invisible.
   It lets you fly.
 y - an uncursed ring of poison resistance
Wands
 B - a wand of disintegration (9)
 D - a wand of digging (8)
Scrolls
 e - 2 scrolls of magic mapping {unknown}
 g - 10 scrolls of identify {unknown}
 h - 4 scrolls of amnesia {unknown}
 i - 2 scrolls of blinking {unknown}
 l - 4 scrolls of fear {unknown}
 m - 2 scrolls of remove curse {unknown}
 z - 5 scrolls of teleportation {unknown}
 C - 2 scrolls of fog {unknown}
 F - a scroll of brand weapon {unknown}
 G - a scroll of summoning {unknown}
 H - 2 scrolls of noise {unknown}
 I - 2 scrolls of immolation {unknown}
 J - a scroll of random uselessness {unknown}
 L - 2 scrolls of vulnerability {unknown}
Potions
 a - a potion of berserk rage {unknown}
 d - 5 potions of agility {unknown}
 f - 3 potions of lignification {unknown}
 k - 4 potions of might {unknown}
 n - 3 potions of heal wounds {unknown}
 o - 4 potions of ambrosia {unknown}
 p - 2 potions of brilliance {unknown}
 q - 9 potions of curing {unknown}
 w - a potion of haste {unknown}
 K - 2 potions of mutation {unknown}
 M - a potion of flight {unknown}
Comestibles
 c - 13 rations
 x - a chunk of flesh


   Skills:
 * Level 9.9 Fighting
 * Level 9.9 Axes
 * Level 7.6 Throwing
 + Level 6.7 Armour
 + Level 6.2 Dodging


You had 9 spell levels left.
You didn't know any spells.
Your spell library was empty.

Dungeon Overview and Level Annotations

Branches:
Dungeon (9/15)             Temple (1/1) D:7
   Lair: D:8-11         Orc: D:9-12

Altars:
Gozag
Hepliaklqana
Qazlal
Ru
Vehumet
Xom
The Shining One


Innate Abilities, Weirdness & Mutations

You reflexively headbutt those who attack you in melee.
You have a pair of horns on your head.


Message History

You slash the large slime creature!
Your headbutt misses the large slime creature.
The large slime creature is severely wounded.
The large slime creature barely misses you.
You furiously retaliate!
You headbutt the large slime creature!
You barely miss the large slime creature.
You headbutt the large slime creature, but do no damage.
The large slime creature is severely wounded.
Two slime creatures merge to form a very large slime creature.
You slash the very large slime creature!
The very large slime creature is heavily wounded.
The very large slime creature misses you.
You slash the very large slime creature!
The very large slime creature is severely wounded.
The very large slime creature hits you!!!
* * * LOW HITPOINT WARNING * * *
You slice the very large slime creature!!
The very large slime creature is severely wounded.
The very large slime creature hits you!!!
You die...

...............................
.####..#######################.
.# #..# .# #..# .# #..# .# #..#
.# #..#
.####..#################
................@J((((((
................#######.
................#
.####...#####...# .# #...#
#...# .####...#####...#
................#
#################


You could see a very large slime creature.

Vanquished Creatures
  Pikel (D:6)
  Joseph (D:7)
  Prince Ribbit (D:5)
  Grinder (D:5)
  3 hippogriffs
  Duvessa (D:5)
  A sky beast (D:9)
  A black bear (D:9)
  4 slaves (D:6)
  6 ogres
  A necrophage (D:5)
  4 centaurs
  A gnoll sergeant (D:7)
  5 bullfrogs
  Dowan (D:5)
  3 scorpions
  6 killer bees (D:7)
  2 bullfrog zombies
  2 hounds
  4 orc wizards (D:4)
  7 orc priests
  A bullfrog skeleton (D:5)
  Ijyb (D:5)
  Natasha (thrice) (D:4)
  5 worker ants
  A hound zombie (D:7)
  9 mummies
  A worker ant zombie (D:5)
  16 gnolls
  9 adders
  2 river rats (D:4)
  11 oozes
  4 worms
  2 dart slugs
  17 leopard geckos
  18 orcs
  6 bats
  7 giant cockroaches
  2 gnoll zombies (Ossuary)
  10 goblins
  6 hobgoblins
  9 jackals
  5 kobolds
  2 quokkas
  21 ball pythons
  16 frilled lizards
  A hobgoblin zombie (Ossuary)
  2 kobold zombies (Ossuary)
  A leopard gecko skeleton (D:5)
  3 orc zombies (Ossuary)
  2 quokka skeletons
  15 rats
  2 bushes (D:1)
266 creatures vanquished.

Vanquished Creatures (others)
  A plant (D:3)
1 creature vanquished.

Grand Total: 267 creatures vanquished

Notes
Turn   | Place    | Note
-------+----------+-------------------------------------------
     0 | D:1      | shmeve the Minotaur Berserker began the quest for the Orb.
     0 | D:1      | Reached XP level 1. HP: 19/19 MP: 0/0
   122 | D:1      | Reached XP level 2. HP: 27/27 MP: 1/1
   390 | D:1      | Reached skill level 1 in Throwing
   518 | D:1      | Reached XP level 3. HP: 29/33 MP: 2/2
  1326 | D:2      | Reached ** piety under Trog
  1754 | D:2      | Reached XP level 4. HP: 37/41 MP: 3/3
  2158 | D:3      | Reached XP level 5. HP: 32/47 MP: 4/4
  2178 | D:3      | Reached skill level 5 in Fighting
  2302 | D:3      | Reached skill level 5 in Axes
  2853 | D:4      | Reached XP level 6. HP: 56/56 MP: 5/5
  2855 | D:4      | Reached *** piety under Trog
  2875 | D:4      | Got a glittering ruby amulet
  2876 | D:4      | Identified the amulet of the Aged Continents {RegenMP +Inv +Fly Int+2 Dex+3} (You found it on level 4 of the Dungeon)
  2934 | D:4      | Reached XP level 7. HP: 50/62 MP: 6/6
  2952 | D:4      | Found a glowing drain.
  3107 | Sewer    | Entered a sewer
  3363 | Sewer    | Reached **** piety under Trog
  3385 | Sewer    | Received a gift from Trog
  3759 | D:4      | Noticed Natasha
  3765 | D:4      | Killed Natasha
  3815 | D:4      | Noticed Natasha
  3816 | D:4      | Reached XP level 8. HP: 67/71 MP: 7/7
  3828 | D:4      | Killed Natasha
  3915 | D:4      | Noticed Natasha
  3918 | D:4      | Killed Natasha
  4633 | D:5      | Entered Level 5 of the Dungeon
  4665 | D:5      | Noticed Ijyb
  4666 | D:5      | Noticed Grinder
  4668 | D:5      | Killed Ijyb
  4684 | D:5      | Killed Grinder
  4684 | D:5      | Reached skill level 5 in Throwing
  4764 | D:5      | Found a glowing golden altar of the Shining One.
  4764 | D:5      | Found an opulent altar of Gozag.
  4769 | D:5      | Found a stormy altar of Qazlal.
  4771 | D:5      | Found a hazy altar of Hepliaklqana.
  4773 | D:5      | Found a shimmering altar of Xom.
  4817 | D:5      | Reached skill level 5 in Armour
  4894 | D:5      | Received a gift from Trog
  4903 | D:5      | Noticed Dowan
  4905 | D:5      | Noticed Duvessa
  4918 | D:5      | Killed Duvessa
  4919 | D:5      | Killed Dowan
  5031 | D:5      | Found a radiant altar of Vehumet.
  5302 | D:5      | Noticed Prince Ribbit
  5310 | D:5      | Killed Prince Ribbit
  5310 | D:5      | Reached skill level 5 in Dodging
  5310 | D:5      | Reached XP level 9. HP: 55/81 MP: 8/8
  5417 | D:6      | Noticed Pikel
  5418 | D:6      | Paralysed by Pikel for 5 turns
  5427 | D:6      | Killed Pikel
  5815 | D:6      | Received a gift from Trog
  6001 | D:7      | Found a sacrificial altar of Ru.
  6347 | D:7      | Found a sand-covered staircase.
  6356 | Ossuary  | Entered an ossuary
  6444 | Ossuary  | Reached ***** piety under Trog
  6693 | D:7      | Found a staircase to the Ecumenical Temple.
  6717 | Temple   | Entered the Ecumenical Temple
  6903 | D:7      | Noticed Joseph
  6917 | D:7      | Killed Joseph
  6917 | D:7      | Reached XP level 10. HP: 49/91 MP: 9/9
  8150 | D:9      | Demolished by a very large slime creature

Skill      XL: |  1  2  3  4  5  6  7  8  9 10 |
---------------+-------------------------------+-----
Fighting       | 4 5 6 8 9 |  9.9
Axes           | 4 5 6 8 9 |  9.9
Throwing       | 1 2 3 4 5 7 |  7.6
Armour         | 3 4 5 6 |  6.7
Dodging        | 3 4 5 6 |  6.2

Action                   |  1- 3 |  4- 6 |  7- 9 | 10-12 || total
-------------------------+-------+-------+-------+-------++-------
Melee: Hand axe          |   204 |    90 |   150 |       ||   444
       Headbutt          |    66 |    20 |    76 |     8 ||   170
       War axe           |       |       |   158 |    23 ||   181
Throw: Tomahawk          |       |     7 |     3 |     6 ||    16
       Javelin           |       |       |     9 |    15 ||    24
Invok: Trog's Hand       |     1 |       |     2 |       ||     3
       Berserk           |       |     3 |     5 |       ||     8
  Eat: Chunk             |     3 |     6 |    19 |     1 ||    29
       Ration            |       |       |       |     1 ||     1
Armor: Animal skin       |    13 |     8 |       |       ||    21
       Chain mail        |       |    35 |   172 |    17 ||   224
Dodge: Dodged            |    37 |    50 |   204 |    25 ||   316
